 Dungeon Crawl Stone Soup version 0.30-a0-953-g5f1da4a474 (webtiles) character file.

Game seed: 1720066635161732773

87 qeuew the Ducker (level 4, -3/41 HPs)
             Began as a Gnoll Monk on Mar 28, 2023.
             Slain by Sigmund
             ... wielding a +0 scythe
              (10 damage)
             ... on level 2 of the Dungeon.
             The game lasted 00:01:40 (1221 turns).

qeuew the Ducker (Gnoll Monk)                       Turns: 1221, Time: 00:01:41

Health: -3/41      AC:  2    Str: 10    XL:     4   Next: 51%
Magic:  5/5        EV: 15    Int: 10    God:
Gold:   75         SH:  0    Dex: 16    Spells: 5/5 levels left

rFire   . . .      SeeInvis .    a - +0 falchion
rCold   . . .      Faith    .    (no shield)
rNeg    . . .      Spirit   .    b - +0 robe
rPois   .          Reflect  .    (no helmet)
rElec   .          Rampage  .    (no cloak)
rCorr   .                        (no gloves)
Will    +....                    (no boots)
Stlth   +++                      (no amulet)
HPRegen 0.26/turn                h - ring of willpower
MPRegen 0.09/turn                (no ring)

@: no status effects
A: fangs 1, strong nose, distributed training
a: no special abilities


You were on level 2 of the Dungeon.
You visited 1 branch of the dungeon, and saw 2 of its levels.

You collected 75 gold pieces.

Inventory:

Hand Weapons
 a - a +0 falchion (weapon)
Armour
 b - a +0 robe (worn)
Jewellery
 h - a ring of willpower (left hand)
Wands
 u - a wand of quicksilver (4)
Scrolls
 d - a scroll of fog {unknown}
 j - 2 scrolls of teleportation {unknown}
 k - a scroll of magic mapping {unknown}
 l - a scroll of silence {unknown}
 m - 3 scrolls of blinking {unknown}
 n - a scroll of butterflies {unknown}
 o - a scroll of identify
 q - a scroll of poison {unknown}
Potions
 c - a potion of ambrosia
 e - a potion of brilliance
 g - a potion of degeneration {unknown}
 i - a potion of flight {unknown}
 p - a potion of invisibility {unknown}
 r - a potion of resistance {unknown}
 s - 2 potions of haste {unknown}
 t - a potion of mutation {unknown}


   Skills:
 + Level 6.6 Fighting
 + Level 1.2 Short Blades
 + Level 6.6 Long Blades
 + Level 1.2 Axes
 + Level 1.2 Maces & Flails
 + Level 1.2 Polearms
 + Level 1.2 Staves
 + Level 1.2 Ranged Weapons
 + Level 1.2 Throwing
 + Level 1.2 Armour
 + Level 6.6 Dodging
 + Level 4.3 Stealth
 + Level 1.2 Shields
 + Level 1.2 Unarmed Combat
 + Level 1.2 Spellcasting
 + Level 1.0 Conjurations
 + Level 1.0 Hexes
 + Level 1.0 Summonings
 + Level 1.0 Necromancy
 + Level 1.0 Translocations
 + Level 1.0 Transmutations
 + Level 1.0 Fire Magic
 + Level 1.0 Ice Magic
 + Level 1.0 Air Magic
 + Level 1.0 Earth Magic
 + Level 1.0 Poison Magic
 + Level 1.3 Invocations
 + Level 1.2 Evocations


You had 5 spell levels left.
You didn't know any spells.
Your spell library contained the following spells:

 Spells                   Type           Power      Damage    Failure   Level
 Slow                     Hex            8%         N/A       22%         1
 Confusing Touch          Hex            2%         N/A       54%         3
 Vampiric Draining        Necr           2%         2d6       54%         3


Dungeon Overview and Level Annotations

Branches:
Dungeon (2/15)

Altars:

Annotations:
D:2 Sigmund


Innate Abilities, Weirdness & Mutations

You have very sharp teeth.
Your uncanny sense of smell can sniff out nearby items.
Your experience applies equally to all skills.


Message History

Sigmund misses you.
You completely miss Sigmund.
Sigmund is moderately wounded.
Sigmund zaps a wand.
The roots erupt in riotous growth!
The grasping roots grab you!
Sigmund is unaffected.
The grasping roots constrict you.
You slash Sigmund! You bite Sigmund, but do no damage.
Sigmund is severely wounded.
Sigmund hits you with a +0 scythe! The grasping roots constrict you.
You are too injured to fight recklessly!
You are too injured to fight recklessly!
You are too injured to fight recklessly!
You are too injured to fight recklessly!
You are too injured to fight recklessly!
You are too injured to fight recklessly!
You are too injured to fight recklessly!
You are too injured to fight recklessly!
You are too injured to fight recklessly!
You are too injured to fight recklessly!
You are too injured to fight recklessly!
Unknown command.
You barely miss Sigmund.
Sigmund is severely wounded.
You slash Sigmund! You bite Sigmund, but do no damage.
Sigmund is almost dead.
Sigmund hits you with a +0 scythe!
* * * LOW HITPOINT WARNING * * *
The grasping roots constrict you.
* * * LOW HITPOINT WARNING * * *
You feel much better. Sigmund hits you with a +0 scythe.
* * * LOW HITPOINT WARNING * * *
The grasping roots constrict you.
* * * LOW HITPOINT WARNING * * *
The grasping roots release their grip on you.
You hit Sigmund but do no damage.
Sigmund is almost dead.
You hit Sigmund.
Sigmund is almost dead.
Sigmund hits you with a +0 scythe!
You die...

.... #.#.#. ... #.
... ...##.##.# ∆
.......... ∆
..........
..........
##########>........
#@@^.............<.
###..#####.........
##.....#......>..
#####...........
######..###.....
###.....#.#.......
#...........#.....
#................>
#...............#.


You could see Sigmund.

Vanquished Creatures
  An adder (D:2)
  A gnoll (D:1)
  2 worms (D:2)
  4 dart slugs
  2 bats
  6 endoplasms
  3 giant cockroaches
  7 goblins
  3 hobgoblins
  3 quokkas
  2 ball pythons
  3 frilled lizards
  9 kobolds
  5 rats
51 creatures vanquished.

Notes
Turn   | Place    | Note
-------+----------+-------------------------------------------
     0 | D:1      | qeuew the Gnoll Monk began the quest for the Orb.
     0 | D:1      | Reached XP level 1. HP: 23/23 MP: 1/1
   131 | D:1      | Reached XP level 2. HP: 25/29 MP: 2/2
   329 | D:1      | Reached XP level 3. HP: 26/35 MP: 3/3
   345 | D:1      | Reached skill level 1 in Invocations
   798 | D:2      | Reached skill level 1 in Short Blades
   798 | D:2      | Reached skill level 1 in Axes
   798 | D:2      | Reached skill level 1 in Maces & Flails
   798 | D:2      | Reached skill level 1 in Polearms
   798 | D:2      | Reached skill level 1 in Staves
   798 | D:2      | Reached skill level 1 in Ranged Weapons
   798 | D:2      | Reached skill level 1 in Throwing
   798 | D:2      | Reached skill level 1 in Armour
   798 | D:2      | Reached skill level 1 in Shields
   798 | D:2      | Reached skill level 1 in Unarmed Combat
   798 | D:2      | Reached skill level 1 in Spellcasting
   798 | D:2      | Reached skill level 1 in Evocations
   813 | D:2      | Reached XP level 4. HP: 39/41 MP: 5/5
  1089 | D:2      | Reached skill level 1 in Conjurations
  1089 | D:2      | Reached skill level 1 in Hexes
  1089 | D:2      | Reached skill level 1 in Summonings
  1089 | D:2      | Reached skill level 1 in Necromancy
  1089 | D:2      | Reached skill level 1 in Translocations
  1089 | D:2      | Reached skill level 1 in Transmutations
  1089 | D:2      | Reached skill level 1 in Fire Magic
  1089 | D:2      | Reached skill level 1 in Ice Magic
  1089 | D:2      | Reached skill level 1 in Air Magic
  1089 | D:2      | Reached skill level 1 in Earth Magic
  1089 | D:2      | Reached skill level 1 in Poison Magic
  1201 | D:2      | Noticed Sigmund
  1221 | D:2      | Slain by Sigmund

Illustrated notes

Levels and vault maps discovered:
D:1:      ncdulo_watergridlock, layout_loops_ring
D:2:      layout_rooms, ebering_ecumenical_altar_ruins, minmay_joined_circles,
          uniq_sigmund

Skill      XL: |  1  2  3  4 |
---------------+-------------+-----
Invocations    | 1 |  1.3
Short Blades   | 1 |  1.2
Axes           | 1 |  1.2
Maces & Flails | 1 |  1.2
Polearms       | 1 |  1.2
Staves         | 1 |  1.2
Ranged Weapons | 1 |  1.2
Throwing       | 1 |  1.2
Armour         | 1 |  1.2
Shields        | 1 |  1.2
Unarmed Combat | 1 |  1.2
Spellcasting   | 1 |  1.2
Evocations     | 1 |  1.2
Conjurations   | 1 |  1.0
Hexes          | 1 |  1.0
Summonings     | 1 |  1.0
Necromancy     | 1 |  1.0
Translocations | 1 |  1.0
Transmutations | 1 |  1.0
Fire Magic     | 1 |  1.0
Ice Magic      | 1 |  1.0
Air Magic      | 1 |  1.0
Earth Magic    | 1 |  1.0
Poison Magic   | 1 |  1.0
Fighting       | |  6.6
Long Blades    | |  6.6
Dodging        | |  6.6
Stealth        | |  4.3

Action                     |  1- 3 |  4- 6 || total
---------------------------+-------+-------++-------
  Melee: Falchion          |    85 |    67 ||   152
         Bite              |     9 |     9 ||    18
    Use: Scroll            |     2 |       ||     2
         Potion            |     1 |     1 ||     2
   Stab: Sleeping          |     2 |       ||     2
 Armour: Robe              |    10 |     7 ||    17
  Dodge: Dodged            |    75 |    53 ||   128

Table legend: (Time is in decaauts)
 A = Elapsed time spent in this place.
 B = Non-inter-level travel time spent in this place.
 C = Inter-level travel time spent in this place.
 D = Time resting spent in this place.
 E = Time spent auto-exploring this place.
 F = Levels seen in this place.
 G = Mean time per level.
                   A        B        C        D        E       F      G
               +--------+--------+--------+--------+--------+-----+--------+
         Total |   1216 |   1196 |     20 |      0 |    908 |   2 |  608.0 |
       Dungeon |   1216 |   1196 |     20 |      0 |    908 |   2 |  608.0 |
               +--------+--------+--------+--------+--------+-----+--------+

Top non-repeatable levels by time:
     D:1: 788 daAuts
     D:2: 428 daAuts
